[Event "Team 45 45 League T50"]
[Site "Internet Chess Club"]
[Date "2011.09.12"]
[Round "5"]
[White "subterfuge"]
[Black "eurander"]
[Result "0-1"]
[WhiteElo "1735"]
[BlackElo "2168"]
[Opening "QGD semi-Slav"]
[ECO "D43"]
[Time "16:00:28"]
[TimeControl "2700+45"]

1. d4 d5 2. c4 c6 3. Nc3 Nf6 4. Nf3 e6 5. Bg5 h6 6. Bxf6 Qxf6 7. e3 Nd7 8. Be2
dxc4 9. a4 g6 10. O-O Bg7 11. a5 O-O 12. Bxc4 c5 13. d5 Ne5 14. Nxe5 Qxe5 15.
Qb3 exd5 16. Bxd5 Rb8 17. Rfd1 Qe7 18. Qc2 Bf5 19. e4 Be6 20. Bxe6 Qxe6 21. Rd5
b6 22. Qd3 Rfe8 23. f3 Bd4+ 24. Kh1 bxa5 25. Rxd4 cxd4 26. Qxd4 Rxb2 27. Rxa5
Qb6 28. Rc5 Rd8 29. Qg1 Rdd2 30. Rc8+ Kg7 31. Qa1 Qf2 32. Qg1 Qxg1+ 33. Kxg1
Rxg2+ 34. Kf1 Rxh2 35. Kg1 Rhc2 {White resigns} 0-1

[Event "Team 45 45 League T50"]
[Site "Internet Chess Club"]
[Date "2011.09.10"]
[Round "5"]
[White "kidviper"]
[Black "CheeryCherry"]
[Result "1-0"]
[WhiteElo "1950"]
[BlackElo "1251"]
[Opening "Queen's Indian: old main line, 7.Nc3"]
[ECO "E18"]
[Time "15:02:42"]
[TimeControl "2700+45"]

1. d4 Nf6 2. c4 e6 3. Nf3 b6 4. g3 Bb7 5. Bg2 Be7 6. O-O O-O 7. Nc3 Ne4 8. Qc2
Nxc3 9. bxc3 f5 10. Ne5 Bxg2 11. Kxg2 d6 12. Nd3 Nd7 13. Nf4 Rf6 14. d5 Nc5 15.
dxe6 Nxe6 16. Nxe6 Rxe6 17. Qxf5 Rxe2 18. Be3 Rb2 19. Qd5+ Kh8 20. Rfe1 Bf6 21.
Qd3 Bg5 22. Qe4 Bxe3 23. Rxe3 Qf8 24. Rf3 Qe8 25. Qd5 h6 26. Rf7 Rc8 27. Qf5 Re2
28. Qg6 Qe5 29. Kf1 Qxc3 30. Kxe2 Qxa1 31. Qc2 Re8+ 32. Kf3 Qh1+ 33. Kg4 h5+ 34.
Kg5 Qe1 35. f4 Qe6 36. Qf5 Qxc4 37. Qg6 Qd5+ 38. Rf5 Qg8 39. Qxh5+ Qh7 40. Qxe8+
{Black resigns} 1-0

[Event "Team 45 45 League T50"]
[Site "Internet Chess Club"]
[Date "2011.09.11"]
[Round "5"]
[White "Muravey"]
[Black "Timotheous"]
[Result "1-0"]
[WhiteElo "1574"]
[BlackElo "1661"]
[Opening "Nimzovich-Larsen attack: Indian variation"]
[ECO "A01"]
[Time "10:00:24"]
[TimeControl "2700+45"]

1. b3 Nf6 2. Bb2 g6 3. e3 Bg7 4. Be2 c5 5. f4 O-O 6. Nf3 Nc6 7. Bb5 Qc7 8. Bxc6
Qxc6 9. O-O d6 10. Qe2 b5 11. d3 a5 12. Nbd2 a4 13. a3 axb3 14. cxb3 Be6 15.
Rac1 Qb6 16. e4 Nd7 17. e5 Rfe8 18. Ng5 Bd5 19. Kh1 Qb7 20. Nde4 Bxb3 21. exd6
Bxb2 22. Qxb2 c4 23. dxc4 bxc4 24. Rxc4 Rab8 25. Rb4 Qd5 26. Rb1 {Black forfeits
on time} 1-0

[Event "Team 45 45 League T50"]
[Site "Internet Chess Club"]
[Date "2011.09.13"]
[Round "5"]
[White "kidcobra"]
[Black "rayonline53"]
[Result "0-1"]
[WhiteElo "1604"]
[BlackElo "1578"]
[Opening "Sicilian: Marshall variation"]
[ECO "B41"]
[Time "10:01:35"]
[TimeControl "2700+45"]

1. e4 c5 2. Nf3 e6 3. d4 d5 4. exd5 exd5 5. Bb5+ Bd7 6. Bxd7+ Qxd7 7. O-O Nc6 8.
Re1+ Be7 9. Bg5 f6 10. Be3 c4 11. c3 O-O-O 12. b3 Na5 13. Nbd2 Bd6 14. bxc4 dxc4
15. d5 Bb8 16. Nd4 Qxd5 17. Qg4+ Qd7 18. Qh5 b6 19. Qe2 Qd5 20. Qg4+ Qd7 21. Qe2
Qc7 22. Qg4+ Qd7 23. Qe2 h5 24. g3 Qd5 25. Qf3 Nh6 26. Qxd5 Rxd5 27. Bxh6 Rxh6
28. Re7 Rd7 29. Re8+ Kb7 30. Rae1 Be5 31. N2f3 Bxd4 32. Nxd4 Rh7 33. R8e7 g6 34.
R7e6 Rhf7 35. Nb5 Ka6 36. Nd6 Rf8 37. R1e4 Rc7 38. Rf4 g5 39. Rfxf6 Rxf6 40.
Rxf6 Nb7 41. Nxb7 Kxb7 42. Rh6 h4 43. gxh4 gxh4 44. Rxh4 b5 45. Kf1 a5 46. Rh5
Kb6 47. Rh6+ Kc5 48. Rh5+ Kb6 49. Ke2 b4 50. cxb4 axb4 51. Rh3 Ka5 52. Kd2 Ka4
53. Kc2 Rd7 54. Re3 c3 55. Rd3 Rf7 56. f3 Re7 57. Rd8 Re2+ 58. Kb1 Rb2+ 59. Ka1
Rxh2 60. Ra8+ Kb5 61. Rb8+ Kc4 62. Rc8+ Kd3 63. a4 b3 64. Rd8+ Kc2 65. Rh8 b2+
66. Ka2 Rxh8 67. Ka3 Rb8 68. f4 b1=Q 69. f5 Qb3# {White checkmated} 0-1

[Event "Team 45 45 League T50"]
[Site "Internet Chess Club"]
[Date "2011.09.11"]
[Round "5"]
[White "Magagna"]
[Black "tsia68"]
[Result "1-0"]
[WhiteElo "1918"]
[BlackElo "1821"]
[Opening "Old Indian defense"]
[ECO "A42"]
[Time "14:21:58"]
[TimeControl "2700+45"]

1. d4 d6 2. c4 f5 3. Nc3 Nf6 4. Nf3 g6 5. e3 Bg7 6. Be2 O-O 7. O-O Nc6 8. a3 e5
9. dxe5 dxe5 10. Qc2 e4 11. Nd2 Qe7 12. b4 Be6 13. Bb2 Ne5 14. Na4 Bf7 15. Nc5
b6 16. Na4 Rad8 17. Rfd1 g5 18. Rac1 c5 19. bxc5 bxc5 20. Nb3 Nfd7 21. Rd2 Rc8
22. Rcd1 Rc6 23. Na5 Ra6 24. Nb7 Rc6 25. Nd6 Bg6 26. f4 exf3 27. gxf3 a6 28. f4
gxf4 29. exf4 Ng4 30. Bxg4 fxg4 31. f5 Qe3+ 32. Rf2 Bd4 33. Bxd4 cxd4 34. Rd3
Qe5 35. fxg6 Qxd6 36. gxh7+ Kh8 37. c5 Rxf2 38. Qxf2 Nxc5 39. Nxc5 Rxc5 40.
Qxd4+ Qxd4+ 41. Rxd4 Kxh7 42. Rxg4 Rc1+ 43. Kg2 Rc2+ 44. Kh3 Ra2 45. Ra4 Kg7 46.
Rxa6 Kh7 47. a4 Kg7 48. a5 Kf7 49. Kg3 Ra1 50. h4 Kg7 51. Kg4 Rg1+ 52. Kh5 Rh1
53. Rg6+ Kh7 54. a6 Ra1 55. Rb6 Ra5+ 56. Kg4 Kg7 57. h5 Ra4+ 58. Kf5 Ra5+ 59.
Ke6 Rxh5 60. Rb7+ Kg6 61. a7 Ra5 62. Kd6 {Black resigns} 1-0

[Event "Team 45 45 League T50"]
[Site "Internet Chess Club"]
[Date "2011.09.11"]
[Round "5"]
[White "zap2"]
[Black "Killian"]
[Result "1/2-1/2"]
[WhiteElo "1791"]
[BlackElo "1742"]
[Opening "Réti: King's Indian attack"]
[ECO "A05"]
[Time "15:07:42"]
[TimeControl "2700+45"]

1. Nf3 Nf6 2. g3 g6 3. Bg2 Bg7 4. O-O O-O 5. d3 d5 6. Nbd2 b6 7. e4 dxe4 8. dxe4
Bb7 9. Qe2 Nc6 10. c3 e6 11. Rd1 Qe7 12. Ne1 Ne5 13. h3 Rad8 14. f4 Qc5+ 15. Kh2
Nc6 16. a4 a5 17. Nd3 Qe7 18. Nf2 Nd7 19. e5 Nc5 20. b4 axb4 21. cxb4 Nxb4 22.
Bxb7 Nxb7 23. Ba3 c5 24. Nc4 Nd5 25. Rd3 Ra8 26. Qc2 f6 27. Re1 fxe5 28. Nxe5
Qe8 29. Nc4 Qxa4 30. Qxa4 Rxa4 31. Rxe6 Nxf4 32. gxf4 Rxc4 33. Rxb6 Rcxf4 34.
Ng4 R4f7 35. Rdb3 Na5 36. Bxc5 Nxb3 37. Bxf8 Rxf8 38. Rxb3 {Game drawn by mutual
agreement} 1/2-1/2

[Event "Team 45 45 League T50"]
[Site "Internet Chess Club"]
[Date "2011.09.17"]
[Round "5"]
[White "TwoEqualsOne"]
[Black "room-matt"]
[Result "1-0"]
[WhiteElo "1935"]
[BlackElo "1698"]
[Opening "Queen's gambit accepted"]
[ECO "D20"]
[Time "01:01:05"]
[TimeControl "2700+45"]

1. d4 d5 2. c4 dxc4 3. Nc3 a6 4. a4 e5 5. e3 exd4 6. Qxd4 Qxd4 7. exd4 Nc6 8.
Be3 Be6 9. d5 Bb4 10. dxe6 fxe6 11. Bxc4 e5 12. Ne2 O-O-O 13. O-O Nf6 14. Rfd1
Kb8 15. Nd5 Nxd5 16. Bxd5 Ne7 17. Be4 g6 18. Nc3 Nf5 19. Bxf5 gxf5 20. Rxd8+
Rxd8 21. Rd1 Rxd1+ 22. Nxd1 Kc8 23. Kf1 Kd7 24. Ke2 Kd6 25. Bd2 Bc5 26. f4 e4
27. b4 Bd4 28. Bc3 c5 29. bxc5+ Bxc5 30. Be5+ Kd5 31. Ne3+ Ke6 32. Nc2 h5 33.
Nd4+ Bxd4 34. Bxd4 Kd5 35. Bb6 Kc6 36. a5 Kd5 37. Ke3 Kc4 38. h3 h4 39. Bd8 Kb5
40. Kd4 Kb4 41. Bb6 {Black resigns} 1-0

[Event "Team 45 45 League T50"]
[Site "Internet Chess Club"]
[Date "2011.09.12"]
[Round "5"]
[White "Konstantinos"]
[Black "Gilguli"]
[Result "1-0"]
[WhiteElo "1735"]
[BlackElo "1389"]
[Opening "QGD: Albin counter-gambit"]
[ECO "D08"]
[Time "14:06:59"]
[TimeControl "2700+45"]

1. d4 d5 2. c4 e5 3. dxe5 d4 4. Nf3 Nc6 5. e3 Bb4+ 6. Nbd2 dxe3 7. fxe3 Bg4 8.
a3 Bxd2+ 9. Qxd2 Bxf3 10. Qxd8+ Rxd8 11. gxf3 Nxe5 12. f4 Nd3+ 13. Bxd3 Rxd3 14.
Ke2 Rb3 15. Rd1 Nf6 16. Rd3 Rb6 17. b4 O-O 18. Bb2 Ne4 19. Rd7 Rh6 20. Rh1 Ng3+
21. hxg3 Rxh1 22. Kf3 Rh2 23. Bd4 Rc8 24. a4 Ra2 25. a5 a6 26. Be5 Kf8 27. Rd1
f6 28. Bd4 Rd8 29. Rh1 Ra3 30. Ke4 h6 31. g4 Rb3 32. g5 Re8+ 33. Kf5 hxg5 34.
fxg5 fxg5 35. Rh7 g4 36. Bxg7+ Kg8 37. Rh8+ Kxg7 38. Rxe8 g3 39. Re4 Rxb4 40.
Rg4+ Kf7 41. Rxg3 Rxc4 42. e4 Rc5+ 43. e5 Rxa5 44. Rh3 Kg7 45. Rg3+ Kf7 46. Rh3
Rc5 47. Rh7+ Kg8 48. Rd7 b5 49. Kg6 Kf8 50. Kf6 Ke8 51. e6 b4 52. Rh7 Rf5+ 53.
Kxf5 c5 54. Kf6 b3 55. Rh8# {Black checkmated} 1-0

[Event "Team 45 45 League T50"]
[Site "Internet Chess Club"]
[Date "2011.09.12"]
[Round "5"]
[White "ben622"]
[Black "egyptiantiger"]
[Result "0-1"]
[WhiteElo "1951"]
[BlackElo "2098"]
[Opening "Sicilian: Sozin with ...a6 and ...b5"]
[ECO "B87"]
[Time "19:01:41"]
[TimeControl "2700+45"]

1. e4 c5 2. Nf3 d6 3. d4 cxd4 4. Nxd4 Nf6 5. Nc3 a6 6. Bc4 e6 7. Bb3 b5 8. O-O
Be7 9. Qf3 Qc7 10. Qg3 O-O 11. Bh6 Ne8 12. Rad1 Bd7 13. Rfe1 Nc6 14. Rd3 Nxd4
15. Rxd4 Bf6 16. Rd3 b4 17. Nd1 a5 18. c3 a4 19. Bc2 Kh8 20. Bg5 Ra6 21. Bxf6
Nxf6 22. Bb1 b3 23. a3 Bb5 24. Rf3 Nd7 25. Qg5 Ne5 26. Rg3 f6 27. Qh5 Qf7 28.
Qh4 g5 29. Qh6 Rg8 30. Ne3 Rg6 31. Qh5 Rg7 32. Qh6 Rg6 33. Qh5 Bd3 34. Bxd3 Nxd3
35. Rd1 Ne5 36. Qe2 Qb7 37. Nc4 Qb5 38. Rd4 Rc6 {White resigns} 0-1

[Event "Team 45 45 League T50"]
[Site "Internet Chess Club"]
[Date "2011.09.10"]
[Round "5"]
[White "CamLeslie"]
[Black "universe"]
[Result "0-1"]
[WhiteElo "1834"]
[BlackElo "2028"]
[Opening "QGD Slav: Dutch variation, main line"]
[ECO "D19"]
[Time "17:04:39"]
[TimeControl "2700+45"]

1. d4 d5 2. c4 c6 3. Nc3 Nf6 4. Nf3 dxc4 5. a4 Bf5 6. e3 e6 7. Bxc4 Bb4 8. O-O
O-O 9. Qe2 Nbd7 10. e4 Bg6 11. Bd3 Bh5 12. Bf4 Qa5 13. e5 Nd5 14. Nxd5 Bxf3 15.
gxf3 cxd5 16. Kh1 Qb6 17. Rg1 f5 18. exf6 Rxf6 19. Bg5 Rf7 20. Rg4 Rc8 21. Rag1
g6 22. Bh6 Kh8 23. Bxg6 hxg6 24. Rxg6 Rh7 25. Bg7+ Kg8 26. Rxe6 Rxg7 27. Rxb6
Rxg1+ 28. Kxg1 Nxb6 29. Qe6+ Kh8 30. b3 Rc1+ 31. Kg2 Re1 32. Qf7 Re7 33. Qf8+
Kh7 34. Qf5+ Kh8 35. f4 Kg8 36. Kf3 Rf7 37. Qg5+ Kf8 38. Qd8+ Kg7 39. Qg5+ Kf8
40. f5 Nd7 41. Qd8+ Kg7 42. Qg5+ Kf8 43. h4 Be7 44. Qh6+ Ke8 45. Qe6 Nf6 46. b4
Ne4 47. h5 Ng5+ {White resigns} 0-1

[Event "Team 45 45 League T50"]
[Site "Internet Chess Club"]
[Date "2011.09.11"]
[Round "5"]
[White "badmove"]
[Black "FlyingTiger"]
[Result "1/2-1/2"]
[WhiteElo "1754"]
[BlackElo "1845"]
[Opening "Grünfeld: 5.Bg5"]
[ECO "D91"]
[Time "08:03:04"]
[TimeControl "2700+45"]

1. d4 Nf6 2. c4 g6 3. Nc3 d5 4. Nf3 Bg7 5. Bg5 Ne4 6. Bh4 c5 7. cxd5 Nxc3 8.
bxc3 Qxd5 9. e3 Nc6 10. Be2 cxd4 11. cxd4 Qa5+ 12. Qd2 Qxd2+ 13. Kxd2 e5 14.
dxe5 Nxe5 15. Rab1 b6 16. Rhc1 O-O 17. Bg3 Nxf3+ 18. Bxf3 Bf5 19. Bxa8 Bxb1 20.
Rxb1 Rxa8 21. Kc2 Kf8 22. Rb3 Rc8+ 23. Kd2 Ke7 24. Rd3 Rd8 25. Rxd8 Kxd8 26. Bb8
a6 27. Ba7 b5 28. Kc2 Kd7 29. Kb3 Bf8 30. Bd4 f5 31. Kc3 Kc6 32. f3 Kd5 33. Kd3
Bd6 34. e4+ Ke6 35. exf5+ gxf5 36. g3 h5 37. Bf2 Kd5 38. h3 b4 39. g4 hxg4 40.
fxg4 fxg4 41. hxg4 a5 42. Bb6 a4 43. Bd4 b3 44. axb3 axb3 45. g5 Be5 46. Bxe5
Kxe5 47. Kc3 Kf5 48. Kxb3 Kxg5 {Game drawn because neither player has mating
material} 1/2-1/2

[Event "Team 45 45 League T50"]
[Site "Internet Chess Club"]
[Date "2011.09.10"]
[Round "5"]
[White "Chatica"]
[Black "xec"]
[Result "0-1"]
[WhiteElo "2191"]
[BlackElo "2249"]
[Opening "Sicilian: Grand Prix attack"]
[ECO "B23"]
[Time "10:31:33"]
[TimeControl "2700+45"]

1. e4 c5 2. Nc3 Nc6 3. f4 g6 4. Nf3 Bg7 5. Bb5 Nd4 6. Bc4 e6 7. e5 d6 8. O-O
Nxf3+ 9. Qxf3 d5 10. Bb5+ Bd7 11. Bxd7+ Qxd7 12. d4 cxd4 13. Ne2 Ne7 14. Nxd4
Nc6 15. Nb5 O-O 16. Nd6 Nxe5 17. fxe5 Bxe5 18. Bh6 Qxd6 19. Bxf8 Rxf8 20. Qh3
Qc5+ 21. Kh1 Qxc2 22. Rac1 Qxb2 23. Qf3 Qxa2 24. Rc8 f6 25. Rxf8+ Kxf8 26. Qh3
Qa6 27. Qh6+ Kg8 28. Rc1 b5 29. Qd2 Qb7 30. Qa5 Kg7 31. Qd8 b4 32. Rc8 Kh6 33.
Qf8+ Kh5 34. Qg8 Qd7 35. Rd8 Qa4 36. Qxh7+ Kg5 37. h4+ Kf5 38. g4+ Kf4 39. Qh6+
g5 40. h5 {White resigns} 0-1

[Event "Team 45 45 League T50"]
[Site "Internet Chess Club"]
[Date "2011.09.09"]
[Round "5"]
[White "carokantor"]
[Black "Gregorio"]
[Result "1-0"]
[WhiteElo "1995"]
[BlackElo "1904"]
[Opening "Queen's pawn game"]
[ECO "A45"]
[Time "22:03:28"]
[TimeControl "2700+45"]

1. d4 Nf6 2. e3 e6 3. f4 c5 4. c3 b6 5. Nf3 Bb7 6. Bd3 Be7 7. O-O O-O 8. Nbd2
cxd4 9. exd4 Qc7 10. Ne5 d6 11. Nef3 Nbd7 12. Qe2 Nd5 13. Ne4 Rae8 14. Neg5 N7f6
15. Bd2 h6 16. Nh3 Bd8 17. Rae1 Bc8 18. c4 Ne7 19. Nf2 Nc6 20. b4 d5 21. c5 bxc5
22. dxc5 a5 23. b5 Nb4 24. Bb1 d4 25. Rc1 Be7 26. b6 Qd8 27. Bxb4 axb4 28. Rfd1
Nd5 29. Rxd4 Bf6 30. Ne5 Qe7 31. Nfg4 Nc3 32. Qd3 Nxb1 33. Qxb1 Bh4 34. c6 h5
35. Ne3 Ba6 36. Nd7 Rd8 37. Nxf8 Bf2+ 38. Kxf2 Qh4+ 39. Kg1 Rxd4 40. b7 Qxf4 41.
b8=Q {Black resigns} 1-0

[Event "Team 45 45 League T50"]
[Site "Internet Chess Club"]
[Date "2011.09.10"]
[Round "5"]
[White "alexping"]
[Black "JustinL"]
[Result "0-1"]
[WhiteElo "1897"]
[BlackElo "1774"]
[Opening "QGD Slav: 3.Nf3"]
[ECO "D11"]
[Time "12:30:35"]
[TimeControl "2700+45"]

1. d4 d5 2. c4 c6 3. Nf3 Nf6 4. g3 g6 5. Bg2 Bg7 6. Nc3 O-O 7. O-O Bf5 8. Qb3 b6
9. Bf4 dxc4 10. Qxc4 Be6 11. Qa4 b5 12. Qc2 Nd5 13. Rfd1 Nd7 14. Nxd5 cxd5 15.
Rac1 Qa5 16. b3 Nf6 17. Qb2 Rac8 18. Bd2 b4 19. Ne5 Ne4 20. Nd3 Nc3 21. e3 Nxd1
22. Rxd1 Qa3 23. Qxa3 bxa3 24. Nc5 Rfd8 25. Bb4 Bf5 26. Bf1 Bf8 27. Ba5 Rd6 28.
Ba6 Rxc5 29. dxc5 Rxa6 30. b4 Be6 31. Rc1 Bd7 32. Rc3 Bg7 33. Rxa3 Bb5 34. Rb3
Bc4 35. Rb1 Bxa2 36. Rc1 Bc4 37. Rb1 e5 38. Bd8 Rc6 39. Be7 Bf8 40. Bf6 Rxf6
{White resigns} 0-1

[Event "Team 45 45 League T50"]
[Site "Internet Chess Club"]
[Date "2011.09.10"]
[Round "5"]
[White "TrevorSharpe"]
[Black "zbence"]
[Result "1/2-1/2"]
[WhiteElo "1581"]
[BlackElo "1800"]
[Opening "Budapest: Fajarowicz variation"]
[ECO "A51"]
[Time "18:46:52"]
[TimeControl "2700+45"]

1. d4 Nf6 2. c4 e5 3. dxe5 Ne4 4. Nf3 Nc6 5. e3 Bb4+ 6. Bd2 Nxd2 7. Nbxd2 Qe7 8.
a3 Bxd2+ 9. Qxd2 Nxe5 10. Be2 O-O 11. O-O a5 12. b3 d6 13. Nd4 Be6 14. Rfd1 Rfd8
15. Rac1 c6 16. f4 Ng6 17. f5 c5 18. Nxe6 fxe6 19. fxg6 hxg6 20. e4 Qh4 21. Qe3
a4 22. g3 Qf6 23. bxa4 Rxa4 24. Qc3 Qe7 25. Rb1 Rda8 26. Rb3 d5 27. cxd5 exd5
28. Rxd5 Rxe4 29. Bc4 Kh7 30. Rd1 Rf8 31. Rbb1 Re8 32. Bf1 Re3 33. Qb2 b6 34.
Qxb6 Rxa3 35. Re1 Re3 36. Rec1 Re5 37. Qc6 Qg5 38. Qg2 Qe3+ 39. Qf2 Qg5 40. Qf4
Qe7 41. Qh4+ Qxh4 42. gxh4 Rf8 43. Rc4 Rff5 44. Kg2 Rd5 45. Rb2 Rfe5 46. Rbc2
Kh6 47. Be2 Rf5 48. Bg4 Rfe5 49. Bf3 Rd4 50. Rxd4 cxd4 51. Rd2 g5 52. Rxd4 gxh4
53. Rxh4+ Kg5 54. Rg4+ Kf6 55. Kg3 Rg5 56. Kh4 Rxg4+ 57. Bxg4 Kg6 58. Bd1 Kh6
59. Bc2 g6 60. Kg4 Kg7 61. Kg5 Kh8 62. Kh6 g5 63. h3 Kg8 64. Bb1 Kh8 {Game drawn
by mutual agreement} 1/2-1/2

[Event "Team 45 45 League T50"]
[Site "Internet Chess Club"]
[Date "2011.09.08"]
[Round "5"]
[White "JeeniousChess"]
[Black "jorobo"]
[Result "1-0"]
[WhiteElo "1894"]
[BlackElo "1942"]
[Opening "QGD: classical variation (5.Bf4)"]
[ECO "D37"]
[Time "23:45:47"]
[TimeControl "2700+45"]

1. d4 d5 2. c4 e6 3. Nf3 Nf6 4. Nc3 Be7 5. Bf4 O-O 6. e3 c5 7. dxc5 Bxc5 8. a3
Nc6 9. Qc2 Qa5 10. O-O-O dxc4 11. Bxc4 a6 12. Ng5 h6 13. h4 Bxa3 14. bxa3 Qxa3+
15. Kb1 Qb4+ 16. Bb3 Na5 17. Bd6 Qxb3+ 18. Qxb3 Nxb3 19. Bxf8 Kxf8 20. Nge4 Nxe4
21. Nxe4 Ke7 22. Rd3 Na5 23. Rc1 Nc6 24. Kb2 e5 25. Rd2 Be6 26. f4 exf4 27. exf4
Rd8 28. Rxd8 Kxd8 29. Nd6 Na5 30. f5 Bd7 31. Nxf7+ Ke7 32. Rc7 Kxf7 33. Rxd7+
Kf6 34. g4 Nc4+ 35. Kc3 Ne3 36. Rd6+ Kf7 37. Rg6 h5 38. Kd4 Nxg4 39. Rb6 a5 40.
Rxb7+ Kf6 41. Ke4 Nf2+ 42. Ke3 Nh3 43. Kf3 Ng1+ 44. Kf2 Nh3+ 45. Kg3 Ng1 46. Rb2
Kxf5 47. Rg2 {Black resigns} 1-0

[Event "Team 45 45 League T50"]
[Site "Internet Chess Club"]
[Date "2011.09.10"]
[Round "5"]
[White "cesaralexander"]
[Black "livis"]
[Result "1/2-1/2"]
[WhiteElo "1905"]
[BlackElo "1994"]
[Opening "Dutch: stonewall with Ba3"]
[ECO "A94"]
[Time "15:32:13"]
[TimeControl "2700+45"]

1. d4 e6 2. c4 f5 3. g3 Nf6 4. Bg2 c6 5. Nf3 d5 6. O-O Be7 7. b3 O-O 8. Ba3 Ne4
9. Bxe7 Qxe7 10. Qc2 Bd7 11. Nbd2 Be8 12. Ne5 Nxd2 13. Qxd2 Nd7 14. Nd3 Bg6 15.
Nf4 Bf7 16. Nd3 e5 17. cxd5 cxd5 18. dxe5 Nxe5 19. Nxe5 Qxe5 20. e3 Rad8 21.
Rfd1 Rd6 22. Qd4 Qxd4 23. Rxd4 Rfd8 24. Rad1 Kf8 25. b4 b5 26. Rc1 Ra6 27. Rc2
Ra4 28. Bf1 a6 29. Bd3 g6 30. h4 Ke7 31. Rb2 Rc8 32. Bc2 Ra3 33. Bb3 Rd8 34. Rc2
a5 35. Rc7+ Kf6 36. Rc6+ Ke7 37. Rc7+ Kf6 38. bxa5 Rxa5 39. Rc5 Ke5 40. Rc6 Be6
41. f4+ Kf6 42. Bxd5 Re8 43. Rb6 Kf7 44. Rb7+ Re7 45. Bxe6+ Kxe6 46. Rxe7+ Kxe7
47. Rd2 b4 48. Kf2 Ra3 49. Kf3 b3 50. axb3 Rxb3 51. Ra2 h5 52. Ra6 Kf7 53. Ra7+
Kf6 54. Ra5 Rc3 55. Rd5 Rb3 56. Ke2 Rb2+ 57. Rd2 Rb3 58. Rd3 Rb2+ 59. Kf3 Rb4
60. Rd6+ Kf7 61. Rd5 Rb3 62. Re5 Kf6 63. Kg2 Rb2+ 64. Kh3 Re2 65. Re8 Kf7 66.
Re5 Kf6 67. Re8 Kf7 {Game drawn by mutual agreement} 1/2-1/2

[Event "Team 45 45 League T50"]
[Site "Internet Chess Club"]
[Date "2011.09.11"]
[Round "5"]
[White "Otelo"]
[Black "azbycx"]
[Result "0-1"]
[WhiteElo "1819"]
[BlackElo "1777"]
[Opening "Scandinavian defense"]
[ECO "B01"]
[Time "22:06:40"]
[TimeControl "2700+45"]

1. e4 d5 2. exd5 Nf6 3. Nc3 Nxd5 4. d4 g6 5. Bc4 Be6 6. Nxd5 Bxd5 7. Bxd5 Qxd5
8. Nf3 Bg7 9. Be3 Qb5 10. Qe2 Qxe2+ 11. Kxe2 O-O 12. Rhd1 Nd7 13. c4 a6 14. b4
Rad8 15. Rac1 Rfe8 16. a4 e5 17. d5 e4 18. Nd2 Ne5 19. h3 Nd3 20. Rb1 f5 21. Bg5
Rd7 22. a5 h6 23. Bh4 f4 24. f3 Nb2 25. Rdc1 exf3+ 26. Kxf3 Nd3 27. Rd1 Re3+ 28.
Kg4 h5+ 29. Kg5 Re5+ 30. Kxg6 Rd6+ {White resigns} 0-1

[Event "Team 45 45 League T50"]
[Site "Internet Chess Club"]
[Date "2011.09.12"]
[Round "5"]
[White "Meditator"]
[Black "zeigmata"]
[Result "0-1"]
[WhiteElo "2205"]
[BlackElo "2344"]
[Opening "French: Albin-Alekhine-Châtard attack"]
[ECO "C13"]
[Time "12:03:23"]
[TimeControl "2700+45"]

1. e4 e6 2. d4 d5 3. Nc3 Nf6 4. Bg5 Be7 5. e5 Nfd7 6. h4 h6 7. Bxe7 Qxe7 8. Qg4
O-O 9. O-O-O a6 10. f4 f5 11. exf6 Nxf6 12. Qe2 c5 13. g4 cxd4 14. Rxd4 Nc6 15.
Rd1 d4 16. Ne4 Nd5 17. Nh3 Nxf4 18. Nxf4 Rxf4 19. g5 Bd7 20. Rg1 Kh8 21. gxh6
gxh6 22. Qh5 Rxh4 23. Qg6 Ne5 24. Qg2 Bc6 25. Rxd4 Rg4 26. Qh2 Rxg1 27. Qxg1 Nf3
28. Qe3 Nxd4 29. Qxh6+ Qh7 30. Qf6+ Kg8 {White resigns} 0-1

[Event "Team 45 45 League T50"]
[Site "Internet Chess Club"]
[Date "2011.09.11"]
[Round "5"]
[White "saychess"]
[Black "pentti63"]
[Result "0-1"]
[WhiteElo "2120"]
[BlackElo "2248"]
[Opening "Caro-Kann: advance variation"]
[ECO "B12"]
[Time "13:08:58"]
[TimeControl "2700+45"]

1. e4 c6 2. d4 d5 3. e5 Bf5 4. Nf3 e6 5. Be2 Ne7 6. O-O Nd7 7. Be3 Nc8 8. Nbd2
Be7 9. Ne1 c5 10. c3 Bg6 11. g4 O-O 12. f4 cxd4 13. cxd4 f5 14. Ng2 Bb4 15. g5
Ne7 16. Nb3 Nc6 17. Bd2 Qb6 18. Bxb4 Qxb4 19. Qd3 a6 20. Rfd1 Rfc8 21. Ne1 Be8
22. Qh3 Na5 23. Nd3 Qb6 24. Nxa5 Qxa5 25. b4 Qa3 26. Qf3 Rc3 27. Rd2 Rac8 28.
Bd1 R8c4 29. Qe3 Rxb4 30. Be2 Nb6 31. Qf2 Nc4 32. Rdd1 Nb2 33. Nxb4 Nxd1 34.
Rxd1 Qxb4 35. Bd3 Qa3 36. Bb1 Ba4 37. Rf1 Bb5 38. Rd1 Rc1 39. Bc2 Rxd1+ 40. Bxd1
Qc1 41. Qc2 Qe3+ 42. Kg2 Bc4 43. Qa4 Qd2+ 44. Kg3 Qe1+ 45. Kf3 Qf1+ 46. Kg3 Qg1+
47. Kf3 Qf1+ 48. Kg3 Qe1+ 49. Kf3 b5 50. Qxa6 Qxd1+ 51. Kg3 Qe1+ 52. Kf3 Be2+
53. Ke3 Bf1+ 54. Kf3 Qe2+ 55. Kg3 Qg2+ {White resigns} 0-1

[Event "Team 45 45 League T50"]
[Site "Internet Chess Club"]
[Date "2011.09.11"]
[Round "5"]
[White "filiusdextris"]
[Black "robertoalvarez"]
[Result "1-0"]
[WhiteElo "2079"]
[BlackElo "1997"]
[Opening "French: Tarrasch, closed variation"]
[ECO "C05"]
[Time "18:03:38"]
[TimeControl "2700+45"]

1. e4 e6 2. d4 d5 3. Nd2 Nf6 4. e5 Nfd7 5. f4 c5 6. c3 Nc6 7. Ndf3 cxd4 8. Nxd4
Nxd4 9. cxd4 Qa5+ 10. Kf2 Be7 11. Nf3 O-O 12. Bd3 f6 13. Qe2 Qb6 14. Be3 Nb8 15.
Rad1 Bd7 16. Rhf1 Nc6 17. Kg1 Nb4 18. Ne1 Nxd3 19. Nxd3 Bb5 20. f5 exf5 21. Qf3
Rad8 22. Rfe1 Bxd3 23. Rxd3 Qa5 24. Bd2 Qxa2 25. Qxf5 fxe5 26. Qe6+ Rf7 27. Rf3
Rf8 28. Rxf7 Rxf7 29. Rf1 Bf6 30. dxe5 Qxb2 31. exf6 Qxd2 32. Qe8+ Rf8 33. f7+
{Black resigns} 1-0

[Event "Team 45 45 League T50"]
[Site "Internet Chess Club"]
[Date "2011.09.11"]
[Round "5"]
[White "Paulkov"]
[Black "perikitosax"]
[Result "0-1"]
[WhiteElo "2266"]
[BlackElo "2023"]
[Opening "Alekhine's defense: exchange variation"]
[ECO "B03"]
[Time "12:05:48"]
[TimeControl "2700+45"]

1. e4 Nf6 2. e5 Nd5 3. d4 d6 4. c4 Nb6 5. exd6 exd6 6. Nc3 Nc6 7. Be3 Be7 8. Nf3
Bg4 9. h3 Bh5 10. b3 O-O 11. Be2 d5 12. c5 Nc8 13. O-O Bf6 14. b4 Bg6 15. b5 Na5
16. Qd2 Nc4 17. Bxc4 dxc4 18. Bg5 Bxg5 19. Qxg5 Qxg5 20. Nxg5 Rd8 21. Nf3 f6 22.
Rfe1 Kf7 23. Rac1 Bd3 24. Nd1 Ne7 25. Nb2 Nf5 26. Nxd3 cxd3 27. Red1 Nxd4 28.
Nxd4 Rxd4 29. Rc3 d2 30. Rc2 Rad8 31. Kf1 R8d5 32. Ke2 Ke6 33. a3 f5 34. f3 f4
35. h4 g6 36. Rc3 h6 37. Rc2 g5 38. h5 Kf5 39. Rcxd2 Ke5 40. a4 Rxd2+ 41. Rxd2
Rxd2+ 42. Kxd2 Kd5 43. Kd3 Kxc5 44. Ke4 Kb4 45. Kf5 c5 46. Kg6 c4 47. Kxh6 c3
{White resigns} 0-1

[Event "Team 45 45 League T50"]
[Site "Internet Chess Club"]
[Date "2011.09.15"]
[Round "5"]
[White "bogolijubov"]
[Black "MaartenKoning"]
[Result "1-0"]
[WhiteElo "1761"]
[BlackElo "2216"]
[Opening "Ruy Lopez: Schliemann defense, Berger variation"]
[ECO "C63"]
[Time "14:48:01"]
[TimeControl "2700+45"]

1. e4 e5 2. Nf3 Nc6 3. Bb5 f5 4. Nc3 fxe4 5. Nxe4 d5 6. Nxe5 dxe4 7. Nxc6 Qg5 8.
Qe2 Nf6 9. f4 Qxf4 10. Nxa7+ Bd7 11. Bxd7+ Kxd7 12. d4 Qf5 13. Qb5+ Qxb5 14.
Nxb5 c6 15. Nc3 Bb4 16. Ke2 Bxc3 17. bxc3 Ra3 18. Bxa3 {Black resigns} 1-0

[Event "Team 45 45 League T50"]
[Site "Internet Chess Club"]
[Date "2011.09.11"]
[Round "5"]
[White "Campagnolo"]
[Black "spunni"]
[Result "1-0"]
[WhiteElo "2062"]
[BlackElo "1906"]
[Opening "Ruy Lopez: Archangelsk (counterthrust) variation"]
[ECO "C78"]
[Time "11:02:28"]
[TimeControl "2700+45"]

1. e4 e5 2. Nf3 Nc6 3. Bb5 a6 4. Ba4 Nf6 5. O-O b5 6. Bb3 Bb7 7. c3 Nxe4 8. d4
Na5 9. Bc2 exd4 10. b4 Nc4 11. Bxe4 Bxe4 12. Re1 d5 13. Nxd4 c5 14. bxc5 Bxc5
15. f3 O-O 16. fxe4 dxe4 17. Rxe4 Qd5 18. Qf3 Ne5 19. Qf5 Rfe8 20. Nd2 g6 21.
Qf4 Nd3 22. Qe3 Ne5 23. Qf4 f5 24. Re3 Ng4 25. Rxe8+ Rxe8 26. Nf3 b4 27. h3 Nf6
28. Bb2 Re2 29. cxb4 Nh5 30. Qb8+ {Black resigns} 1-0